 Dungeon Crawl Stone Soup version 0.28-a0-909-g796cbd3a86 (webtiles) character file.

Game seed: 3844229249839911880

2277 pokeman the Thaumaturge (level 9, -1/50 HPs)
             Began as a Deep Elf Hedge Wizard on Nov 24, 2021.
             Was a Follower of Vehumet.
             Slain by a goblin (6 damage)
             ... on level 8 of the Dungeon.
             The game lasted 00:21:57 (9197 turns).

pokeman the Thaumaturge (Deep Elf Hedge Wizard)     Turns: 9197, Time: 00:21:58

Health: -1/50      AC:  4    Str:  7    XL:     9   Next: 16%
Magic:  25/26      EV: 12    Int: 29    God:    Vehumet [*.....]
Gold:   322        SH:  5    Dex: 14    Spells: 13/30 levels left

rFire   . . .      SeeInvis .   e - +2 short sword (venom)
rCold   . . .      Faith    .   (no shield)
rNeg    . . .      Spirit   .   o - +0 leather armour
rPois   +          Reflect  +   c - +0 hat
rElec   .          Harm     .   w - +0 cloak
rCorr   .          Rampage  .   (no gloves)
Will    .....                   (no boots)
Stlth   ++........              f - amulet of reflection
HPRegen 0.16/turn               n - ring of poison resistance
MPRegen 0.20/turn               E - +6 ring of intelligence

@: weak-willed
A: no striking features
a: Renounce Religion


You were on level 8 of the Dungeon.
You worshipped Vehumet.
Vehumet was aware of your devotion.
You visited 2 branches of the dungeon, and saw 9 of its levels.

You collected 322 gold pieces.

Inventory:

Hand Weapons
 e - a +2 short sword of venom (weapon)
 p - a +0 shortbow
 y - the +1 dire flail "Kanuhet" {freeze, rF+++ rCorr Stlth+}
   (You found it on level 4 of the Dungeon)

   It freezes those it strikes, dealing additional cold damage.
   It can also slow down cold-blooded creatures.
   rF:        It renders you almost immune to fire.
   rCorr:     It protects you from acid and corrosion.
   Stlth:     It makes you more stealthy.
 D - a +2 long sword of electrocution
Missiles
 a - 32 arrows
 i - 49 bolts
Armour
 c - a +0 hat (worn)
 o - a +0 leather armour (worn)
 w - a +0 cloak (worn)
Magical Staves
 x - a staff of fire
Jewellery
 b - a ring of see invisible
 f - an amulet of reflection (around neck)
 l - an amulet of regeneration
 n - a ring of poison resistance (left hand)
 A - a ring of positive energy
 E - a +6 ring of intelligence (right hand)
 H - an amulet of faith
 J - a ring of ice
Wands
 t - a wand of polymorph (7)
 I - a wand of acid (6)
Scrolls
 d - a scroll of blinking
 k - 7 scrolls of identify
 r - a scroll of enchant weapon
 G - a scroll of immolation {unknown}
Potions
 g - a potion of might {unknown}
 h - a potion of lignification {unknown}
 j - 3 potions of curing {unknown}
 m - 4 potions of flight {unknown}
 q - a potion of ambrosia {unknown}
 s - a potion of invisibility {unknown}
 u - 3 potions of heal wounds {unknown}
 z - a potion of haste {unknown}
 B - a potion of cancellation {unknown}
 C - a potion of magic {unknown}


   Skills:
 - Level 3.0 Fighting
 + Level 2.3 Armour
 - Level 3.0 Dodging
 - Level 3.0 Stealth
 * Level 11.0 Spellcasting
 + Level 6.0 Conjurations
 - Level 1.1 Summonings
 - Level 1.1 Necromancy
 - Level 1.1 Translocations
 - Level 3.2 Fire Magic
 - Level 1.1 Air Magic
 + Level 3.3 Earth Magic
 - Level 1.1 Poison Magic
 - Level 1.0 Evocations


You had 13 spell levels left.
You knew the following spells:

 Your Spells              Type           Power      Damage    Failure   Level
a - Magic Dart            Conj           100%       1d8       1%          1
b - Mephitic Cloud        Conj/Pois/Air  32%        N/A       4%          3
c - Call Imp              Summ           22%        N/A       4%          2
d - Blink                 Tloc           44%        N/A       4%          2
e - Conjure Flame         Conj/Fire      43%        6-21      2%          3
f - Shock                 Conj/Air       100%       1d9       1%          1
g - Lee's Rapid Deconstr  Erth           17%        3d12*     34%         5

Your spell library contained the following spells:

 Spells                   Type           Power      Damage    Failure   Level
 Apportation              Tloc           44%        N/A       3%          1
 Pain                     Necr           88%        1d8       3%          1
 Summon Small Mammal      Summ           88%        N/A       3%          1
 Slow                     Hex            60%        N/A       4%          1
 Call Canine Familiar     Summ           22%        N/A       10%         3
 Summon Guardian Golem    Hex/Summ       19%        N/A       12%         3
 Leda's Liquefaction      Hex/Erth       12%        N/A       26%         4
 Dispel Undead            Necr           22%        3d12      30%         4
 Agony                    Necr           22%        N/A       65%         5
 Excruciating Wounds      Necr           11%        N/A       65%         5
 Conjure Ball Lightning   Conj/Air       18%        3x3d6     86%         6
 Statue Form              Tmut/Erth      16%        N/A       98%         6
 Simulacrum               Ice/Necr       9%         N/A       99%         6
 Discord                  Hex            7%         N/A       100%        8
 Disjunction              Tloc           11%        N/A       100%        8


Dungeon Overview and Level Annotations

Branches:
Dungeon (8/15)             Temple (1/1) D:7
   Lair: D:8-11

Altars:
Ashenzari
Fedhas
Gozag
Hepliaklqana
Kikubaaqudgha
Nemelex Xobeh
Okawaru
Qazlal
Ru
Sif Muna
Trog
Uskayaw
Vehumet
Wu Jian
Xom
Zin

Shops:
D:1 :   D:3 *   D:4 =   D:6 [

Portals:
Bailey: D:8

Annotations:
D:3 2 transporters, Foxy's ghost, weakling BaIE
D:8 Maggie


Message History

A goblin comes into view. It is wielding a +0 spear.
The goblin hits you but does no damage.
A goblin comes into view. It is wielding a +0 spear.
The goblin moves out of view.
Found an escape hatch in the floor.
You block the gnoll's attack. The goblin barely misses you.
A goblin comes into view. It is wielding a +3 spear.
The gnoll hits you but does no damage.
Found 8 gold pieces.
Found a flagged portal.
The jackal misses you. The goblin hits you with a +0 spear.
* * * LOW HITPOINT WARNING * * *
Something barely misses Maggie.
The goblin hits you from afar with a +0 spear.
* * * LOW HITPOINT WARNING * * *
You block the goblin's attack. The jackal barely misses you.
The goblin hits you but does no damage.
Maggie mumbles some strange words.
The goblin hits you with a +0 spear.
* * * LOW HITPOINT WARNING * * *
You block the goblin's attack. The gnoll closely misses you.
The gnoll is no longer moving quickly.
You block the goblin's attack.
Maggie gestures wildly while chanting.
The goblin hits you but does no damage. The goblin closely misses you.
You block the goblin's attack. The goblin barely misses you.
The goblin completely misses you.
You miss the goblin. The goblin completely misses you.
The gnoll hits you with a +0 whip!
* * * LOW HITPOINT WARNING * * *
The goblin barely misses you. You block the goblin's attack.
The goblin completely misses you.
Unknown command.
The goblin hits you but does no damage.
You cannot cast spells when silenced!
Your hearing returns.
The goblin hits you from afar with a +3 spear.
* * * LOW HITPOINT WARNING * * *
The goblin hits you from afar with a +3 spear.
You die...

##########
#..g@$...# ###
#.g≈≈≈≈≈.# ##.##
#.g≈...≈.# ##...##
#.gg>∩.≈.#
#....[###hg≈...≈.#
#.........≈≈≈≈≈.#
#......#..........
##.......##.#.....
#...............


You could see 2 gnolls, a jackal and 4 goblins.

Vanquished Creatures
  A slime creature (D:7)
  A wraith (D:6)
  Eustachio (D:5)
  A necrophage (D:6)
  3 sky beasts
  3 ogres
  A phantom (D:5)
  A wyvern zombie (D:7)
  A scorpion (D:6)
  A wyvern skeleton (D:6)
  A howler monkey (D:5)
  2 hounds
  2 centaur zombies
  7 jellies (D:7)
  2 orc priests
  3 iguanas
  5 orc wizards
  A killer bee zombie (D:7)
  A howler monkey zombie (D:6)
  8 gnolls
  6 adders
  A white imp (D:7)
  4 dart slugs
  14 orcs
  7 ball pythons
  9 bats
  17 endoplasms
  5 giant cockroaches
  5 goblins
  7 hobgoblins
  5 quokkas
  2 frilled lizards
  11 kobolds
  5 rats
144 creatures vanquished.

Vanquished Creatures (collateral kills)
  An orc (D:4)
  An endoplasm (D:7)
  A jackal (D:8)
3 creatures vanquished.

Vanquished Creatures (others)
  8 fungi (D:7)
  4 toadstools (D:1)
12 creatures vanquished.

Grand Total: 159 creatures vanquished

Notes
Turn   | Place    | Note
-------+----------+-------------------------------------------
     0 | D:1      | pokeman the Deep Elf Hedge Wizard began the quest for the
                  | Orb.
     0 | D:1      | Reached XP level 1. HP: 10/10 MP: 7/7
   270 | D:1      | Reached XP level 2. HP: 16/16 MP: 7/9
   681 | D:1      | Found Mieh's Book Shoppe.
   685 | D:1      | Reached skill level 5 in Spellcasting
  1178 | D:1      | Found a faded altar of an unknown god.
  1273 | D:2      | Reached XP level 3. HP: 20/20 MP: 4/11
  1277 | D:2      | Learned a level 3 spell: Mephitic Cloud
  1280 | D:2      | Learned a level 2 spell: Call Imp
  1283 | D:2      | Learned a level 2 spell: Blink
  1287 | D:2      | Learned a level 3 spell: Conjure Flame
  1499 | D:2      | Reached skill level 1 in Fighting
  1499 | D:2      | Reached skill level 1 in Armour
  1565 | D:2      | Reached XP level 4. HP: 25/25 MP: 7/13
  2903 | D:3      | Reached skill level 6 in Spellcasting
  2903 | D:3      | Reached skill level 1 in Fire Magic
  2964 | D:3      | Found Ymi Irol's Assorted Antiques.
  3046 | D:3      | Reached XP level 5. HP: 29/29 MP: 12/15
  3123 | D:3      | Found a transporter.
  3123 | D:3      | Noticed Foxy's ghost (weakling BaIE)
  3340 | D:3      | Found a transporter.
  4136 | D:4      | Found Asiam's One-of-a-Kind Rings.
  4168 | D:4      | Reached skill level 1 in Air Magic
  4205 | D:4      | Reached XP level 6. HP: 7/34 MP: 2/17
  4781 | D:4      | Identified the +1 dire flail "Kanuhet" {freeze, rF+++ rCorr
                  | Stlth+}
  5007 | D:4      | Reached skill level 7 in Spellcasting
  5193 | D:5      | Entered Level 5 of the Dungeon
  5229 | D:5      | Reached skill level 1 in Poison Magic
  5229 | D:5      | Reached skill level 1 in Evocations
  5241 | D:5      | Learned a level 5 spell: Lee's Rapid Deconstruction
  5262 | D:5      | Noticed a sky beast
  5272 | D:5      | Killed a sky beast
  5273 | D:5      | Reached skill level 1 in Necromancy
  5304 | D:5      | Noticed Eustachio
  5321 | D:5      | Killed Eustachio
  5322 | D:5      | Reached skill level 1 in Earth Magic
  5322 | D:5      | Reached XP level 7. HP: 28/38 MP: 14/20
  5441 | D:5      | Reached skill level 8 in Spellcasting
  5989 | D:6      | Reached XP level 8. HP: 40/44 MP: 13/22
  6167 | D:6      | Reached skill level 9 in Spellcasting
  6409 | D:6      | Found Neanaenn's Antique Armour Boutique.
  6793 | D:6      | Reached skill level 5 in Conjurations
  7013 | D:6      | Noticed a skeletal warrior
  7724 | D:7      | Found a staircase to the Ecumenical Temple.
  7735 | D:7      | Reached skill level 10 in Spellcasting
  7743 | Temple   | Entered the Ecumenical Temple
  7873 | Temple   | Became a worshipper of Vehumet
  8810 | D:7      | Noticed a slime creature
  8828 | D:7      | Killed a slime creature
  8829 | D:7      | Reached XP level 9. HP: 50/50 MP: 19/25
  8852 | D:7      | Reached skill level 11 in Spellcasting
  8854 | D:7      | Reached * piety under Vehumet
  8854 | D:7      | Offered knowledge of Shock by Vehumet.
  8862 | D:7      | Learned a level 1 spell: Shock
  9098 | D:8      | Got the Reference Book on Spatial Sinister Magic
  9155 | D:8      | Noticed Maggie
  9186 | D:8      | Found a flagged portal.
  9197 | D:8      | Slain by a goblin

Illustrated notes

Levels and vault maps discovered:
D:1:      ldierk_walled_garden_2, layout_loops_cross,
          dilly_ecumenical_altar_fadedgnrine, serial_shops, shop,
          minmay_misc_feat_doors
D:2:      minmay_general_purpose_star, layout_basic,
          minmay_misc_feat_more_columns, hangedman_decor_push,
          grunt_ministairs_15, minmay_fractal_squares_gapless_5
D:3:      layout_basic, gammafunk_ghost_mausoleum, serial_shops, shop
D:4:      layout_layer_cave, nicolae_shop_unique_rings
D:5:      layout_rooms, uniq_eustachio
D:6:      minmay_angry_zag, layout_gridville, serial_shops,
          kennysheep_little_box, grunt_decor_junction, minmay_stone_trees_small,
          minmay_statues_item
D:7:      lemuel_slime, layout_basic, minmay_temple_entry_sparse_star,
          chequers_mini_garden, patterned_corridor
D:8:      layout_cave_pools, serial_gnoll_camp, gnoll_camp_mini_loothouse,
          gnoll_camp_mini_basic, gnoll_camp_mini_doghouse, gnoll_camp_mini_hut,
          enter_bailey_5, feat_on_display, uniq_maggie
Temple:   nicolae_temple_the_god_donut

Skill      XL: |  1  2  3  4  5  6  7  8  9 |
---------------+----------------------------+-----
Spellcasting   | 5 6 7 8 10 11 | 11.0
Fighting       | 1 2 3 |  3.0
Armour         | 1 2 |  2.3
Conjurations   | 2 3 4 5 6 |  6.0
Fire Magic     | 1 3 |  3.2
Dodging        | 3 |  3.0
Air Magic      | 1 |  1.1
Stealth        | 3 |  3.0
Poison Magic   | 1 |  1.1
Evocations     | 1 |  1.0
Necromancy     | 1 |  1.1
Earth Magic    | 1 2 3 |  3.3
Summonings     | |  1.1
Translocations | |  1.1

Action                   |  1- 3 |  4- 6 |  7- 9 || total
-------------------------+-------+-------+-------++-------
Melee: Dagger            |     3 |       |       ||     3
       Short sword       |     3 |    60 |    52 ||   115
 Cast: Magic Dart        |    79 |   119 |   102 ||   300
       Call Imp          |       |     2 |     3 ||     5
       Mephitic Cloud    |       |     8 |     9 ||    17
       Conjure Flame     |       |     2 |    14 ||    16
       Blink             |       |       |    17 ||    17
       Shock             |       |       |     1 ||     1
  Use: Scroll            |       |       |     4 ||     4
 Stab: Sleeping          |       |     1 |       ||     1
       Confused          |       |     3 |     3 ||     6
Armor: Robe              |     3 |     1 |       ||     4
       Leather armour    |       |     5 |    15 ||    20
Dodge: Dodged            |     9 |    50 |    37 ||    96
Block: Other             |     1 |    14 |    21 ||    36
       Reflection        |       |       |     1 ||     1

Table legend: (Time is in decaauts)
 A = Elapsed time spent in this place.
 B = Non-inter-level travel time spent in this place.
 C = Inter-level travel time spent in this place.
 D = Time resting spent in this place.
 E = Time spent auto-exploring this place.
 F = Levels seen in this place.
 G = Mean time per level.
                   A        B        C        D        E       F      G
               +--------+--------+--------+--------+--------+-----+--------+
         Total |   9220 |   8970 |    250 |    316 |   7339 |   9 | 1024.4 |
       Dungeon |   9066 |   8838 |    228 |    316 |   7221 |   8 | 1133.2 |
        Temple |    153 |    131 |     22 |      0 |    118 |   1 |  153.0 |
               +--------+--------+--------+--------+--------+-----+--------+

Top non-repeatable levels by time:
     D:2: 1643 daAuts
     D:6: 1519 daAuts
     D:7: 1261 daAuts
     D:1: 1246 daAuts
     D:4: 1186 daAuts
     D:3: 1118 daAuts
     D:5: 976 daAuts
  Temple: 153 daAuts
     D:8: 113 daAuts
